 Dungeon Crawl Stone Soup version 0.21-a0-404-g291f19a (webtiles) character file.

114 Mathinus the Shooter (level 4, -1/28 HPs)
             Began as a Tengu Hunter on Oct 27, 2017.
             Slain by Mathinus's ghost (8 damage)
             ... on level 3 of the Dungeon.
             The game lasted 00:10:48 (2081 turns).

Mathinus the Shooter (Tengu Hunter)                 Turns: 2081, Time: 00:10:49

Health: -1/28      AC:  3    Str: 12    XL:     4   Next: 98%
Magic:  5/5        EV: 13    Int: 11    God:
Gold:   158        SH:  0    Dex: 16    Spells: 3/3 levels left

rFire    . . .     SeeInvis .   b - +0 short sword
rCold    . . .     Gourm    .   (no shield)
rNeg     . . .     Faith    .   c - +0 leather armour
rPois    .         Spirit   .   (helmet restricted)
rElec    .         Reflect  .   (no cloak)
rCorr    .         Harm     .   (no gloves)
MR       .....                  (boots unavailable)
Stlth    ++........             (no amulet)
HPRegen  0.09/turn              (no ring)
MPRegen  0.09/turn              (no ring)

@: no status effects
A: beak, talons 3
a: no special abilities


You were on level 3 of the Dungeon.
You were not hungry.

You visited 1 branch of the dungeon, and saw 3 of its levels.

You collected 158 gold pieces.

Inventory:

Hand Weapons
 a - a +2 shortbow
 b - a +0 short sword (weapon)
 w - a +0 long sword
Missiles
 d - 15 arrows
Armour
 c - a +0 leather armour (worn)
Scrolls
 i - 2 scrolls of identify {@r1}
 j - a scroll of fog
 n - a scroll of amnesia
Potions
 e - a potion of invisibility
 g - 2 potions of heal wounds
 l - 2 potions of lignification
 m - a potion of cancellation {unknown}
 o - a potion of curing {@q1}
 p - a potion of brilliance {unknown}
 r - a potion of ambrosia
 u - a potion of degeneration {unknown}
Comestibles
 f - 4 bread rations
 h - a chunk of flesh
 k - 3 meat rations
 q - 4 fruits


   Skills:
 + Level 3.0 Fighting
 * Level 5.7 Bows
 + Level 3.2 Dodging
 - Level 1.0 Stealth


You had 3 spell levels left.
You didn't know any spells.

Dungeon Overview and Level Annotations

Branches:
Dungeon (3/15)

Altars:
Makhleb
Nemelex Xobeh
Sif Muna

Annotations:
D:3 Mathinus's ghost, amateur TeHu


Innate Abilities, Weirdness & Mutations

You have a beak for a mouth.
You have claws for feet.


Message History

Mathinus's ghost (amateur Tengu Hunter) opens the door.
You open the door.
An adder comes into view.
The adder hisses angrily.
The adder bites you.
You hit the adder. You peck the adder.
The adder is severely wounded.
The adder bites you but does no damage.
Mathinus's ghost keens inconsolably.
Mathinus's ghost hits you but does no damage.
You hit the adder.
You kill the adder!
Your Fighting skill increases to level 3!
Mathinus's ghost hits you!
* * * LOW HITPOINT WARNING * * *
There is an open door here.
There's a creature in the doorway!
You open the door. Mathinus's ghost closely misses you.
Mathinus's ghost hits you!
You die...

#.# #...#. #.# #..).
#.# #..## #.#
##...## #.###.....#
#.##.....#######
#.#......#..'..#
#........#..#W.#
####..####'###@#
#.##..÷.....+
#.##..#.....#
#)#####.....#
#÷##..#.....#
####.##..#.....#
#.....#'####'####+##
#.##.#.......W.....#
#.##................


You could see Mathinus's ghost.

Vanquished Creatures
  6 adders (D:3)
  2 worms (D:2)
  2 leopard geckos (D:1)
  3 orcs
  A giant cockroach (D:2)
  8 goblins
  3 hobgoblins (D:1)
  A jackal (D:1)
  2 quokkas (D:2)
  2 ball pythons (D:1)
  6 bats
  5 frilled lizards
  6 kobolds (D:1)
  7 rats
54 creatures vanquished.

Notes
Turn   | Place    | Note
-------+----------+-------------------------------------------
     0 | D:1      | Mathinus the Tengu Hunter began the quest for the Orb.
     0 | D:1      | Reached XP level 1. HP: 12/12 MP: 2/2
   204 | D:1      | Reached XP level 2. HP: 17/17 MP: 3/3
   501 | D:1      | Reached XP level 3. HP: 19/22 MP: 4/4
   510 | D:1      | Reached skill level 5 in Bows
  1094 | D:2      | Found a sparkling altar of Nemelex Xobeh.
  1118 | D:2      | Found a burning altar of Makhleb.
  1220 | D:2      | Found a deep blue altar of Sif Muna.
  1727 | D:3      | Reached XP level 4. HP: 27/27 MP: 5/5
  2060 | D:3      | Noticed Mathinus's ghost (amateur TeHu)
  2081 | D:3      | Slain by Mathinus's ghost

Vault maps used:
D:1:      grunt_arrival_crossed_arrows, minmay_pentomino_x4
D:2:      nemelex_xobeh_ov_fountains_minmay, nicolae_overflow_crystal_walls,
          led_sif_pool
D:3:      overflow_temple_1_default, minmay_snake_closets

Skill      XL: |  1  2  3  4 |
---------------+-------------+-----
Bows           | 5 |  5.7
Dodging        | 3 |  3.2
Fighting       | 3 |  3.0
Stealth        | |  1.0

Action                   |  1- 3 |  4- 6 || total
-------------------------+-------+-------++-------
Melee: Short sword       |    60 |    25 ||    85
       Kick              |    11 |     3 ||    14
       Peck              |     5 |     6 ||    11
 Fire: Shortbow          |    60 |     2 ||    62
  Use: Scroll            |    12 |       ||    12
       Potion            |       |     1 ||     1
  Eat: Chunk             |     2 |     2 ||     4
Armor: Leather armour    |    18 |     4 ||    22
Dodge: Dodged            |    44 |    15 ||    59

Table legend:
 A = Spawn XP
 B = Non-spawn XP
 C = Spawn XP percentage of total XP
 D = Spawn monster count
 E = Non-spawn monster count
 F = Spawn count percentage of total count
 G = Total turns spent on level
                    A         B        C        D         E        F      G
               +---------+---------+-------+---------+---------+-------+---------
         Total |       0 |     164 |   0.0 |       0 |      54 |   0.0 |  2081
               +---------+---------+-------+---------+---------+-------+---------
           D:1 |       0 |      45 |   0.0 |       0 |      29 |   0.0 |   953
           D:2 |       0 |      33 |   0.0 |       0 |      15 |   0.0 |   732
           D:3 |       0 |      86 |   0.0 |       0 |      10 |   0.0 |   396
               +---------+---------+-------+---------+---------+-------+---------
